 Dungeon Crawl Stone Soup version 0.14-a0-817-g3f7b0b1 (webtiles) character file.

17300 PolkaDot the Bewitcher (level 12, -1/72 (74) HPs)
             Began as a Vampire Enchanter on Nov 12, 2013.
             Was the Champion of Sif Muna.
             Slain by a vault guard
             ... wielding a +0,+0 war axe
              (25 damage)
             ... on Level 14 of the Dungeon.
             The game lasted 01:18:09 (12639 turns).

PolkaDot the Bewitcher (Vampire Enchanter)         Turns: 12639, Time: 01:18:09

HP  -1/72 (74)   AC  7     Str  7      XL: 12   Next: 10%
MP   9/25        EV 15     Int 18      God: Sif Muna [******]
Gold 769         SH  0     Dex 17      Spells:  6 memorised,  3 levels left

Res.Fire  : + . .   See Invis. : +   w - +2 dagger (vamp)
Res.Cold  : . . .   Warding    : .   b - +1 robe
Life Prot.: + . .   Conserve   : .   (no shield)
Res.Poison: +       Res.Corr.  : .   (no helmet)
Res.Elec. : .       Clarity    : .   (no cloak)
Sust.Abil.: . .     Spirit.Shd : .   E - +0 pair of gloves
Res.Mut.  : .       Stasis     : .   N - +2 pair of orc boots {run}
Res.Rott. : .       Flight     : .   H - amulet of faith
Saprovore : . . .                    u - ring of poison resistance
                                     D - ring of flight

@: about to teleport, quick, somewhat resistant to hostile enchantments,
extraordinarily stealthy
A: bottle blood, fangs 3, see invisible, fire resistance 1, unbreathing, EV +2
a: Bat Form, Bottle Blood, Channel Energy, Forget Spell, Renounce Religion,
Evoke Flight


You were on level 14 of the Dungeon.
You worshipped Sif Muna.
Sif Muna was exalted by your worship.
You were not thirsty.

You visited 2 branches of the dungeon, and saw 14 of its levels.
You also visited: Bailey.

You collected 851 gold pieces.
You spent 82 gold pieces at shops.

Inventory:

Hand weapons
 t - a +1,+2 dwarven dagger of pain
 w - a +2,+2 vampiric dagger (weapon)
Missiles
 d - 12 darts (quivered)
Armour
 b - a +1 robe (worn)
 e - a +0 buckler
 x - a +0 troll hide
 E - a +0 pair of gloves (worn)
 M - a cursed +1 pair of elven boots
 N - a +2 pair of orcish boots of running (worn)
Magical devices
 l - a wand of flame (2)
 C - a wand of flame (16)
 F - a wand of slowing (8)
 L - a wand of flame (7)
 O - a wand of polymorph (10) {unknown}
Scrolls
 h - 3 scrolls of enchant weapon I
 i - 2 scrolls of teleportation
 k - 4 scrolls of fog
 q - 5 scrolls of remove curse
 s - 3 scrolls of recharging {unknown}
 v - 3 scrolls of enchant weapon II
 I - a scroll of immolation
 J - a scroll of vulnerability {unknown}
Jewellery
 a - an uncursed amulet of conservation
 g - an uncursed ring of ice
 u - a ring of poison resistance (right hand)
 y - an uncursed ring of sustenance
 D - a ring of flight (left hand)
 H - an amulet of faith (around neck)
Potions
 f - 3 potions of heal wounds
 m - 3 potions of cure mutation
 o - a potion of berserk rage
 r - a potion of flight
 z - a potion of brilliance
 A - a potion of restore abilities
 B - 3 potions of curing
 G - a potion of resistance
 K - a potion of might
Books
 c - a book of Maledictions

   Spells                             Type                      Level
   *Corona                            Hexes                        1
   *Sure Blade                        Hexes/Charms                 2
   *Ensorcelled Hibernation           Hexes/Ice                    2
   *Confuse                           Hexes                        3
   *Enslavement                       Hexes                        4
   *Invisibility                      Hexes                        6
 j - a book of the Earth

   Spells                             Type                      Level
   Dig                                Earth                        4
   Leda's Liquefaction                Hexes/Earth                  4
   Bolt of Magma                      Conjuration/Fire/Earth       5
   Statue Form                        Transmutation/Earth          6
   Iron Shot                          Conjuration/Earth            6
   Shatter                            Earth                        9
 p - a book of Hinderance

   Spells                             Type                      Level
   Confusing Touch                    Hexes                        1
   Slow                               Hexes                        2
   *Confuse                           Hexes                        3
   Petrify                            Transmutation/Earth          4
   Leda's Liquefaction                Hexes/Earth                  4
   Metabolic Englaciation             Hexes/Ice                    6
Magical staves
 n - an uncursed staff of wizardry


   Skills:
 - Level 6.0 Short Blades
 - Level 0.7 Throwing
 - Level 2.1 Dodging
 + Level 14.8 Stealth
 - Level 5.4 Spellcasting
 + Level 15.6 Hexes
 + Level 9.7 Charms
 - Level 5.3 Evocations


You had 3 spell levels left.
You knew the following spells:

 Your Spells              Type           Power        Failure   Level  Hunger
A - Corona                Hex            ######.      1%          1    None
B - Sure Blade            Hex/Chrm       ######....   1%          2    None
C - Confuse               Hex            ######..     1%          3    ###....
D - Ensorcelled Hibernat  Hex/Ice        ####..       1%          2    None
E - Enslavement           Hex            ######..     1%          4    ####...
I - Invisibility          Hex            ######..     3%          6    #######


Dungeon Overview and Level Annotations

Branches:
Dungeon (14/27)            Temple (1/1) D:6             Orc (0/4) D:9
   Lair (0/8) D:10

Altars:
Ashenzari
Cheibriados
Elyvilon
Fedhas
Kikubaaqudgha
Makhleb
Nemelex Xobeh
Okawaru
Sif Muna
Trog
Vehumet
Xom
Yredelemnul
Zin
the Shining One

Shops:
D:7 !!   D:10 [   D:12 (


Innate Abilities, Weirdness & Mutations

You can bottle blood from corpses.
You have razor-sharp teeth.*
You have supernaturally acute eyesight.
You can survive without breathing.*
You are surrounded by a mild repulsion field (EV +2).+ Your flesh is heat resistant.*+


Message History

An unseen horror comes into view.
Casting: Confuse
Confirm with . or Enter, or press ? or * to list all spells.
Okay, then.
Read which item? (? for menu, Esc to quit)
As you read the scroll of teleportation, it crumbles to dust.
You feel strangely unstable.
The vault guard hits you with a war axe!
The unseen horror hits you but does no damage.
The ironbrand convoker points at the necrophage and mumbles some strange words.
The necrophage seems to grow stronger.
Casting: Confuse
Confirm with . or Enter, or press ? or * to list all spells.
Aiming: Confuse
Press: ? - help, Shift-Dir - straight line, f/p - vault guard
Aim: a vault guard, wielding a war axe and wearing an elven chain mail (almost dead, unusually strong)
The vault guard easily resists.
The unseen horror hits you. The unseen horror barely misses you.
The unseen horror hits you.
The vault guard hits you with a war axe!
You die...

# #.. #...##### #.#
.........#### #.#
...>....)@..# #.#
..@......##@######## #.#
#..%#####'nOC@@@x.# #.# #..
#....#.♣♣♣♣♣♣.######.# #
#....#.♣≈≈≈≈♣.'....#.#
#....#.♣≈≈≈≈♣.####.#.#
####....#.♣≈≈≈≈♣.# #...#
#.......#.♣♣♣♣♣♣.# #..#####.##
#.......#.♣♣♣♣♣♣.# #..........
###'#####........# ##.#######+
#........############.#.......


You could see a vault guard, a hill giant, a vault sentinel, an ironbrand
convoker, an unseen horror (invisible), a two-headed ogre and a necrophage.

Vanquished Creatures
  Josephine (D:11)
  A hydra (D:8)
  A centaur warrior (D:12)
  Urug (D:10)
  Nergalle (D:10)
  2 hill giants
  3 orc knights (Bailey)
  2 trolls (D:11)
  A shadow (D:12)
  9 yaks
  A hill giant zombie (D:11)
  Eustachio (D:10)
  Grum (D:8)
  A hungry ghost (D:5)
  2 hippogriffs (D:9)
  4 wolves
  Edmund (D:7)
  Menkaure (D:6)
  2 sky beasts
  A manticore (D:8)
  15 orc warriors
  3 black bears
  4 ice beasts
  A phantom (D:5)
  4 ogres
  A centaur (D:12)
  15 big kobolds
  A crocodile (D:8)
  5 giant frogs
  A gnoll sergeant (D:9)
  A wyvern skeleton (D:11)
  A yak zombie (D:8)
  A manticore skeleton (D:11)
  8 killer bees
  A hippogriff skeleton (D:11)
  5 wights (D:7)
  10 crimson imps
  A centaur zombie (D:7)
  A gnoll shaman (D:6)
  2 goliath beetles
  4 jellies
  A quasit (D:10)
  8 hounds
  13 orc priests
  2 iguanas
  13 worker ants
  A hippogriff simulacrum (D:11)
  5 scorpions
  11 orc wizards
  2 sheep (D:8)
  A mottled dragon skeleton (D:11)
  A mummy (D:12)
  2 hound zombies
  An ogre skeleton (D:4)
  13 gnolls
  A worker ant zombie (D:8)
  9 adders
  A giant centipede (D:9)
  A giant mite (D:4)
  7 worms
  2 giant centipede zombies
  7 giant geckos
  2 oozes (D:2)
  55 orcs
  A bat skeleton (D:4)
  A bat zombie (D:5)
  3 giant cockroaches
  26 hobgoblins
  17 jackals
  6 quokkas
  14 bats
  2 giant newts (D:3)
  A giant spore (D:7)
  A gnoll skeleton (D:6)
  10 goblins
  25 kobolds
  A quokka skeleton (D:4)
  15 rats
  A rat zombie (D:6)
405 creatures vanquished.

Vanquished Creatures (others)
  An orc (D:9)
  A giant spore (D:12)
2 creatures vanquished.

Grand Total: 407 creatures vanquished

Notes
Turn   | Place    | Note
--------------------------------------------------------------
     0 | D:1      | PolkaDot, the Vampire Enchanter, began the quest for the Orb.
     0 | D:1      | Reached XP level 1. HP: 13/13 MP: 4/4
   107 | D:1      | Reached XP level 2. HP: 14/19 MP: 5/5
   163 | D:1      | Gained mutation: You occasionally shout uncontrollably. [potion of mutation]
   163 | D:1      | Lost mutation: You occasionally shout uncontrollably. [potion of mutation]
   166 | D:1      | Gained mutation: You tend to lose your temper in combat. [potion of mutation]
   683 | D:1      | Reached skill level 5 in Hexes
   766 | D:2      | Reached XP level 3. HP: 12/18 MP: 6/6
   773 | D:2      | Lost mutation: You tend to lose your temper in combat. [potion of cure mutation]
   834 | D:2      | Learned a level 3 spell: Confuse
  1112 | D:2      | Found a blossoming altar of Fedhas.
  1513 | D:4      | Reached XP level 4. HP: 8/28 MP: 8/8
  1786 | D:4      | Found a shimmering altar of Xom.
  1917 | D:4      | Reached skill level 6 in Hexes
  1934 | D:4      | Noticed Edmund
  1937 | D:4      | Reached XP level 5. HP: 31/33 MP: 7/9
  2201 | D:5      | Entered Level 5 of the Dungeon
  2399 | D:4      | Learned a level 2 spell: Ensorcelled Hibernation
  2598 | D:5      | Noticed an ice beast
  2622 | D:5      | Killed an ice beast
  2622 | D:5      | Reached skill level 5 in Stealth
  2622 | D:5      | Reached skill level 7 in Hexes
  2622 | D:5      | Reached XP level 6. HP: 39/39 MP: 5/10
  2904 | D:5      | Reached skill level 8 in Hexes
  3002 | D:5      | Found a sparkling altar of Nemelex Xobeh.
  3060 | D:5      | Gained mutation: Your flesh is heat resistant. [potion of mutation]
  3110 | D:5      | Reached XP level 7. HP: 33/44 MP: 6/11
  3306 | D:5      | Noticed a phantom
  3307 | D:5      | Killed a phantom
  3307 | D:5      | Reached skill level 5 in Short Blades
  3307 | D:5      | Reached skill level 9 in Hexes
  3495 | D:6      | Found a bloodstained altar of Trog.
  3650 | D:6      | Found a staircase to the Ecumenical Temple.
  3691 | D:6      | Reached skill level 10 in Hexes
  3774 | Temple   | Entered the Ecumenical Temple
  3877 | Temple   | Became a worshipper of Sif Muna the Loreminder
  3938 | D:6      | Reached XP level 8. HP: 50/50 MP: 13/13
  3977 | D:5      | Noticed a hungry ghost
  4007 | D:5      | Killed a hungry ghost
  4350 | D:3      | Gained mutation: You are surrounded by a mild repulsion field (EV +2). [potion of beneficial mutation]
  4730 | D:6      | Noticed Menkaure
  4733 | D:6      | Killed Menkaure
  4733 | D:6      | Reached skill level 11 in Hexes
  4820 | D:6      | Acquired Sif Muna's first power
  5004 | D:6      | Reached skill level 12 in Hexes
  5056 | D:6      | Reached XP level 9. HP: 22/55 MP: 6/17
  5144 | D:6      | Found an ancient bone altar of Kikubaaqudgha.
  5347 | D:7      | Killed Edmund
  5431 | D:7      | Found a glowing golden altar of the Shining One.
  5480 | D:7      | Learned a level 6 spell: Invisibility
  5483 | D:7      | Learned a level 2 spell: Sure Blade
  5569 | D:7      | Found Tonufahoo's Distillery.
  5601 | D:7      | Acquired Sif Muna's second power
  5610 | D:7      | Reached skill level 10 in Stealth
  5783 | D:7      | Found Nazoqufium's Distillery.
  5790 | D:7      | Bought a potion of brilliance for 27 gold pieces
  5790 | D:7      | Bought a potion of restore abilities for 33 gold pieces
  5790 | D:7      | Bought 2 potions of paralysis for 22 gold pieces
  5898 | D:8      | Reached skill level 13 in Hexes
  6116 | D:8      | Noticed Grum
  6123 | D:8      | HP: 2/55 [wolf[Grum] (4)]
  6497 | D:8      | Reached skill level 14 in Hexes
  6550 | D:8      | Killed Grum
  6550 | D:8      | Reached XP level 10. HP: 61/61 MP: 9/21
  6771 | D:8      | Noticed a three-headed hydra
  6830 | D:8      | Reached skill level 5 in Spellcasting
  6832 | D:8      | Killed a three-headed hydra
  6832 | D:8      | Reached skill level 15 in Hexes
  6999 | D:8      | Found a glowing silver altar of Zin.
  7000 | D:8      | Found an iron altar of Okawaru.
  7093 | D:9      | Learned a level 4 spell: Enslavement
  7138 | D:9      | Reached skill level 1 in Charms
  7631 | D:9      | Acquired Sif Muna's third power
  7806 | D:9      | Reached skill level 1 in Evocations
  8174 | D:9      | Found a staircase to the Orcish Mines.
  8594 | D:9      | Reached skill level 5 in Charms
  8627 | D:9      | Got a crystal long sword
  8629 | D:9      | Identified the cursed +4,-1 long sword of Calculation {venom, Hunger +Fly rC+} (You found it on level 9 of the Dungeon)
  8719 | D:10     | Entered Level 10 of the Dungeon
  8842 | D:10     | Noticed Eustachio
  8850 | D:10     | Killed Eustachio
  8861 | D:10     | Noticed Nergalle
  8864 | D:10     | Found a staircase to the Lair.
  8868 | D:10     | Killed Nergalle
  8868 | D:10     | Reached XP level 11. HP: 66/66 MP: 20/23
  9349 | D:10     | Found Mixur's Antique Armour Shop.
  9436 | D:10     | Noticed Urug
  9437 | D:10     | Noticed a hill giant
  9446 | D:10     | Killed Urug
  9458 | D:10     | Killed a hill giant
  9693 | D:11     | Identified a scroll of acquirement
 10146 | D:11     | Noticed Josephine
 10149 | D:11     | Killed Josephine
 11319 | D:12     | Found a flagged portal.
 11354 | Bailey   | Entered a bailey
 11938 | Bailey   | Reached skill level 5 in Evocations
 11983 | Bailey   | Identified a +2 pair of orcish boots of running (You found it in a bailey)
 11985 | Bailey   | Got an encrusted crystal plate armour
 12137 | Bailey   | Identified the cursed -3 crystal plate armour of the Stag {Stlth- Curse} (You found it in a bailey)
 12232 | D:12     | Received a gift from Sif Muna
 12310 | D:12     | Reached XP level 12. HP: 72/72 MP: 25/25
 12386 | D:12     | Found Thaosm's Weapon Shoppe.
 12423 | D:12     | Noticed a centaur warrior
 12432 | D:12     | Killed a centaur warrior
 12559 | D:12     | You fall through a shaft!
 12610 | D:14     | Noticed a vault guard
 12639 | D:14     | Slain by a vault guard

Action                   |  1- 3 |  4- 6 |  7- 9 | 10-12 || total
-------------------------+-------+-------+-------+-------++-------
Melee: Dagger            |   223 |   213 |   395 |   477 ||  1308
Throw: Dart              |       |       |     1 |       ||     1
 Cast: Confuse           |     4 |    15 |    12 |    15 ||    46
       Ensorcelled Hiber |       |    16 |    99 |    66 ||   181
       Corona            |       |     2 |     1 |     1 ||     4
       Invisibility      |       |       |     3 |    23 ||    26
Invok: Channel Energy    |       |       |     5 |    20 ||    25
 Abil: Bottle Blood      |       |       |    19 |    13 ||    32
       Evoke Flight      |       |       |       |     1 ||     1
Evoke: Wand              |       |       |     1 |     1 ||     2
  Use: Potion            |     4 |     4 |    16 |    25 ||    49
       Scroll            |    11 |     2 |     4 |    21 ||    38
 Stab: Sleeping          |     5 |    20 |    85 |   130 ||   240
       Invisible         |     2 |     1 |     3 |    25 ||    31
       Confused          |     2 |     5 |     6 |    11 ||    24
       Distracted        |       |       |     2 |     2 ||     4
